Map: Pillars of Gold LE

Players

NeNu - Winner!

  • Race: Zerg Zerg
  • Spawn Location: 7:00

JoaoPistori

  • Race: Terran Terran
  • League: Master
  • Spawn Location: 1:00

VOD

Have the link to the VOD?

Description

Time

  • Played on: Oct. 18, 2020, 9:11 p.m.
  • Length: 5:45
Show
View Real Time Build Order
Export as new Build Order

NeNu Zerg - Winner!

Build Orders: Hatch First 

Get SALT Encoding   

  12  0:03  Drone  
  13  0:13  Overlord  
  13  0:19  Drone  
  14  0:31  Drone x2  
  16  0:37  Drone  
  17  0:55  Hatchery  
  16  0:58  Drone  
  16  1:01  Drone  
  18  1:04  Extractor  
  17  1:19  Spawning Pool  
  17  1:20  Drone  
  17  1:23  Drone  
  18  1:29  Drone  
  19  1:42  Drone  
  20  1:53  Drone  
  21  2:08  Queen  
  21  2:10  Hatchery  
  21  2:13  Zergling x4  
  24  2:22  Queen  
  24  2:25  Unknown  
  24  2:26  Unknown  
  24  2:28  Unknown  
  26  2:31  Drone x2  
  28  2:38  Overlord  
  28  2:43  Metabolic Boost  
  27  2:56  Roach Warren  
  27  2:58  Drone  
  27  3:06  Overlord  
  27  3:07  Drone  
  27  3:10  Drone  
  30  3:12  Drone  
  30  3:15  Drone  
  31  3:20  Overlord  
  31  3:26  Drone x2  
  33  3:32  Drone x2  
  35  3:37  Overlord  
  36  3:41  Drone x2  
  36  3:44  Drone  
  36  3:47  Extractor  
  37  3:57  Roach  
  37  3:58  Roach x3  
  37  4:01  Roach  
  48  4:04  Roach  
  50  4:11  Roach x3  
  56  4:25  Zergling x14  
  56  4:27  Drone  
  64  4:34  Zergling x2  
  64  4:36  Overlord  
  65  4:47  Ravager  
  66  4:59  Overlord  
  66  5:00  Zergling x2  
  66  5:01  Zergling x14  
  72  5:24  Zergling x14  
  72  5:25  Zergling x2  
Show
View Real Time Build Order
Export as new Build Order

JoaoPistori Terran 

Build Orders:  

Get SALT Encoding   

  12  0:04  SCV  
  13  0:15  Supply Depot  
  13  0:18  SCV  
  14  0:30  SCV  
  14  0:31  Refinery  
  15  0:42  SCV  
  15  0:47  Barracks  
  16  0:55  SCV  
  17  1:07  SCV  
  18  1:12  Unknown  
  18  1:13  Unknown x2  
  18  1:19  SCV  
  19  1:31  SCV  
  20  1:36  Reaper  
  21  1:44  Orbital Command  
  21  1:55  Command Center  
  21  2:07  Factory  
  21  2:10  Marine  
  22  2:18  SCV  
  22  2:21  Refinery  
  23  2:27  Supply Depot  
  23  2:29  Barracks Reactor  
  23  2:49  SCV  
  24  3:01  SCV, Starport  
  25  3:13  SCV, Orbital Command  
  25  3:18  Barracks Tech Lab  
  30  3:20  Hellion x2  
  30  3:25  SCV  
  30  3:26  Supply Depot  
  31  3:38  SCV  
  36  3:41  Hellion x2  
  36  3:43  Barracks Reactor  
  36  3:50  Raven  
  36  3:54  SCV x2  
  40  3:58  Supply Depot  
  40  4:03  Hellion x2  
  40  4:07  SCV  
  40  4:08  SCV  
  46  4:20  Marine x2  
  48  4:24  Supply Depot  
  45  4:47  Marine  
  45  4:48  Marine  
  45  4:49  Liberator  
  45  4:50  Liberator  
  53  4:53  Cyclone  
  53  4:54  SCV x2  
  53  4:58  Command Center  
  58  5:00  Supply Depot  
  58  5:06  SCV  
  47  5:22  Command Center  
  47  5:26  SCV  
Tags
 
League
Master
Matchup
TvZ
Spawn Locations
Cross Positions
Add a new tag
Caveats
  • Supply blocks, unpowered buildings, or Contaminate may cause inaccurate times.
  • Supply counts are checked every 10 seconds.